 Dungeon Crawl Stone Soup version 0.19.5 (webtiles) character file.

120 Kahsius the Cudgeler (level 4, -1/45 HPs)
             Began as a Troll Berserker on Mar 6, 2017.
             Was a Believer of Trog.
             Slain by a kobold (4 damage)
             ... on level 3 of the Dungeon on Mar 7, 2017.
             The game lasted 00:07:08 (1777 turns).

Kahsius the Cudgeler (Troll Berserker)              Turns: 1777, Time: 00:07:09

Health: -1/45      AC:  3    Str: 25    XL:     4   Next: 75%
Magic:  3/3        EV: 10    Int:  3    God:    Trog [**....]
Gold:   112        SH:  0    Dex: 10    Spells: 0 memorised, 3 levels left

rFire  . . .     SeeInvis .     (no weapon)
rCold  . . .     Gourm    +     (armour restricted)
rNeg   . . .     Faith    .     (no shield)
rPois  .         Spirit   .     (helmet restricted)
rElec  .         Reflect  .     (no cloak)
rCorr  .         Harm     .     (gloves unavailable)
MR     .....                    (boots unavailable)
Stlth  +.........               (no amulet)
                                (no ring)
                                (no ring)

@: no status effects
A: unfitting armour, claws 3, fast metabolism 3, gourmand, regeneration 1,
shaggy fur 1, tough skin 2
a: Berserk, Trog's Hand, Burn Spellbooks, Renounce Religion


You were on level 3 of the Dungeon.
You worshipped Trog.
Trog was pleased with you.
You were full.

You visited 1 branch of the dungeon, and saw 3 of its levels.

You collected 112 gold pieces.

Inventory:

Hand Weapons
 a - a +0 mace
Armour
 b - a +0 animal skin
Jewellery
 m - an uncursed ring of ice {unknown}
Scrolls
 d - 2 scrolls of identify {unknown}
 i - 5 scrolls of remove curse {unknown}
 j - a scroll of random uselessness {unknown}
 k - a scroll of immolation {unknown}
Potions
 e - a potion of brilliance {unknown}
 g - 2 potions of curing {unknown}
 h - a potion of agility {unknown}
Comestibles
 c - 2 bread rations
 f - a beef jerky
 l - 2 fruits


   Skills:
 + Level 3.0 Fighting
 + Level 4.0 Maces & Flails
 + Level 3.0 Dodging
 + Level 0.2 Stealth


You had 3 spell levels left.
You didn't know any spells.

Dungeon Overview and Level Annotations

Branches:
Dungeon (3/15)

Altars:
Ashenzari
Hepliaklqana


Innate Abilities, Weirdness & Mutations

You are too large for most types of armour.
You have claws for hands.
Your metabolism is lightning-fast.
You like to eat raw meat.
Your natural rate of healing is unusually fast.
You are covered in fur. (AC +1)
You have very tough skin. (AC +2)


Message History

* * * LOW HITPOINT WARNING * * *
The kobold barely misses you.
The frilled lizard bites you but does no damage.
The kobold closely misses you. The frilled lizard barely misses you.
The kobold hits you.
* * * LOW HITPOINT WARNING * * *
The frilled lizard bites you but does no damage.
The kobold barely misses you. The frilled lizard misses you.
The kobold hits you.
* * * LOW HITPOINT WARNING * * *
The frilled lizard bites you.
* * * LOW HITPOINT WARNING * * *
The kobold closely misses you. The frilled lizard bites you.
* * * LOW HITPOINT WARNING * * *
The kobold hits you.
* * * LOW HITPOINT WARNING * * *
The frilled lizard bites you but does no damage.
The kobold hits you.
You die...

#.# #.# #.# #.# #.##
#..# ###########.#
###########...........#
.......@.##.#########.#
.####.Kl(.....<.#####.##
#.##.##.###.......##
#...#.##.#########.##
.>.....)............##
###<..#.#..#########.##
........)########.#..
.........[..........#.
........############.


You could see a kobold and a frilled lizard.

Vanquished Creatures
  An orc priest (D:3)
  4 adders (D:2)
  A worm (D:2)
  A dart slug (D:2)
  3 leopard geckos
  3 orcs (D:3)
  A ball python (D:2)
  2 giant cockroaches
  5 hobgoblins
  11 kobolds
  3 bats
  2 frilled lizards
  5 goblins
  4 rats
  4 toadstools (D:1)
50 creatures vanquished.

Notes
Turn   | Place    | Note
-------+----------+-------------------------------------------
     0 | D:1      | Kahsius the Troll Berserker began the quest for the Orb.
     0 | D:1      | Reached XP level 1. HP: 22/22 MP: 0/0
   251 | D:1      | Found a shattered altar of Ashenzari.
   343 | D:1      | Reached XP level 2. HP: 29/29 MP: 1/1
   783 | D:2      | Reached skill level 3 in Maces & Flails
   843 | D:2      | Reached XP level 3. HP: 32/36 MP: 2/2
  1065 | D:2      | Reached ** piety under Trog
  1260 | D:2      | Reached XP level 4. HP: 42/44 MP: 3/3
  1349 | D:2      | Found a hazy altar of Hepliaklqana.
  1624 | D:3      | Reached skill level 4 in Maces & Flails
  1776 | D:3      | HP: 2/45 [kobold (3)]
  1777 | D:3      | Slain by a kobold

Skill      XL: |  1  2  3  4 |
---------------+-------------+-----
Maces & Flails | 3 4 |  4.0
Fighting       | 3 |  3.0
Dodging        | 3 |  3.0
Stealth        | |  0.2

Action                   |  1- 3 |  4- 6 || total
-------------------------+-------+-------++-------
Melee: Mace              |   133 |    48 ||   181
  Use: Scroll            |     1 |       ||     1
  Eat: Bread ration      |     1 |       ||     1
       Chunk             |    11 |     4 ||    15
Armor: Animal skin       |    45 |     6 ||    51
       Skin              |       |    34 ||    34
Dodge: Dodged            |    93 |   131 ||   224
